 Dungeon Crawl Stone Soup version 0.19.1 (webtiles) character file.

703 nikopol the Skirmisher (level 7, -7/44 HPs)
             Began as a Gargoyle Berserker on Dec 18, 2016.
             Was a Priest of Trog.
             Killed by divine providence
             ... invoked by an orc priest
              (13 damage)
             ... on level 4 of the Dungeon.
             The game lasted 00:10:00 (3984 turns).

nikopol the Skirmisher (Gargoyle Berserker)         Turns: 3984, Time: 00:10:00

Health: -7/44      AC: 13    Str: 20    XL:     7   Next: 66%
Magic:  7/7        EV: 12    Int:  8    God:    Trog [***...]
Gold:   306        SH:  0    Dex: 11    Spells: 0 memorised, 6 levels left

rFire  + . .     SeeInvis .     a - +1 hand axe
rCold  . . .     Gourm    .     w - +0 ring mail {rF+}
rNeg   + . .     Faith    .     (no shield)
rPois  ∞         Spirit   .     (no helmet)
rElec  +         Reflect  .     y - +1 cloak
rCorr  .         Harm     .     (no gloves)
MR     .....                    (no boots)
Stlth  +.........               s - amulet of magic regeneration
                                (no ring)
                                j - ring of wizardry

@: exhausted, slowed, very slow
A: negative energy resistance 1, electricity resistance, unbreathing,
petrification resistance, rot immunity, AC +4
a: Berserk, Trog's Hand, Burn Spellbooks, Renounce Religion


You were on level 4 of the Dungeon.
You worshipped Trog.
Trog was most pleased with you.
You were not hungry.

You visited 1 branch of the dungeon, and saw 4 of its levels.
You also visited: Ossuary.

You collected 306 gold pieces.

Inventory:

Hand Weapons
 a - a +1 hand axe (weapon)
Missiles
 q - 40 arrows (quivered)
Armour
 b - a +0 animal skin
 e - a +0 ring mail
 g - a +0 cloak
 w - a +0 ring mail of fire resistance (worn)
 y - a +1 cloak (worn)
Jewellery
 j - a ring of wizardry (left hand)
 s - an amulet of magic regeneration (around neck)
 A - a +4 ring of dexterity {unknown}
Scrolls
 f - 2 scrolls of remove curse
 h - 3 scrolls of random uselessness {unknown}
 k - 4 scrolls of identify
 o - 2 scrolls of immolation
 p - a scroll of teleportation
 x - 4 scrolls of magic mapping {unknown}
 z - a scroll of recharging {unknown}
Potions
 d - a potion of mutation {unknown}
 l - 2 potions of agility {unknown}
 m - a potion of heal wounds
 n - 4 potions of curing {unknown}
 t - a potion of flight {unknown}
 u - a potion of brilliance {unknown}
 v - a potion of berserk rage {unknown}
Comestibles
 c - 3 bread rations
 i - 2 fruits


   Skills:
 + Level 5.4 Fighting
 + Level 4.4 Axes
 + Level 4.9 Armour
 + Level 3.9 Dodging


You had 6 spell levels left.
You didn't know any spells.

Dungeon Overview and Level Annotations

Branches:
Dungeon (4/15)
 Temple: D:4-7

Altars:
Kikubaaqudgha
Nemelex Xobeh


Innate Abilities, Weirdness & Mutations

You are resistant to torment.
Your stone body is resilient. (AC +4)
You are immune to poison.
You resist negative energy. (rN+)
You are resistant to electric shocks. (rElec)
You can survive without breathing.
You are immune to petrification.
You are immune to rotting.


Message History

You barely miss the orc.
The orc is moderately wounded.
You hit the orc.
You kill the orc!
Trog accepts your kill. The orc hits you but does no damage.
The orc priest calls upon Beogh to heal the orc wizard.
The orc wizard is healed somewhat.
The orc completely misses you. The orc closely misses you.
You hit the orc.
You kill the orc!
Trog accepts your kill.
The orc wizard hits you but does no damage.
You barely miss the orc wizard.
The orc wizard is lightly wounded.
The orc wizard casts a spell.
The orc wizard blinks!
The orc priest mumbles some strange prayers to Beogh against you.
Beogh smites you!
You die...

#### #.###..#........
#.. #.# #..###..####
....#####.###.##
##.#### #..........#
#..... ###..##.....#
#.####
#####.####....###.#
#..#.## .###....#####
#....###.# ##........
##.)@....####....####
...o..)§###..........#
######... .####....##
# #.o.o.. # #.....###
#...... ##.###....
#.####.. #..##..### #.
##..###..##.## ..
##....#..##..#
.........##.## #


You could see an orc priest and an orc wizard.

Vanquished Creatures
  A phantom (D:4)
  An ogre (D:4)
  A scorpion (D:4)
  A howler monkey (D:4)
  A human zombie (Ossuary)
  Crazy Yiuf (D:3)
  An orc priest (D:3)
  Jessica (D:2)
  An iguana (D:4)
  2 worker ants (D:4)
  2 big kobold zombies (Ossuary)
  5 mummies
  4 adders
  2 adder skeletons (D:4)
  5 worms
  2 dart slugs
  2 leopard geckos
  6 orcs
  5 bats
  9 giant cockroaches
  8 goblins
  13 hobgoblins
  6 jackals
  A kobold (D:1)
  2 quokkas
  7 frilled lizards
  A gnoll zombie (Ossuary)
  A hobgoblin zombie (Ossuary)
  2 jackal zombies (Ossuary)
  4 kobold zombies
  2 orc zombies
  9 rats
  A rat zombie (Ossuary)
110 creatures vanquished.

Notes
Turn   | Place    | Note
-------+----------+-------------------------------------------
     0 | D:1      | nikopol the Gargoyle Berserker began the quest for the Orb.
     0 | D:1      | Reached XP level 1. HP: 14/14 MP: 1/1
   150 | D:1      | Reached XP level 2. HP: 12/19 MP: 2/2
   807 | D:1      | Reached XP level 3. HP: 20/23 MP: 3/3
   946 | D:1      | Reached ** piety under Trog
  1106 | D:2      | Reached XP level 4. HP: 23/29 MP: 4/4
  1181 | D:2      | Found an ancient bone altar of Kikubaaqudgha.
  1391 | D:2      | Noticed Jessica
  1400 | D:2      | Killed Jessica
  1400 | D:2      | Reached skill level 4 in Fighting
  1400 | D:2      | Reached XP level 5. HP: 33/33 MP: 5/5
  1759 | D:3      | Reached *** piety under Trog
  1895 | D:3      | Found a sparkling altar of Nemelex Xobeh.
  2125 | D:3      | Found a runed door.
  2129 | D:3      | Noticed Crazy Yiuf
  2140 | D:3      | Killed Crazy Yiuf
  2453 | D:4      | Found a sand-covered staircase.
  2462 | Ossuary  | Entered an ossuary
  2470 | Ossuary  | Reached XP level 6. HP: 27/39 MP: 6/6
  3605 | D:4      | Noticed a phantom
  3641 | D:4      | Killed a phantom
  3641 | D:4      | Reached skill level 5 in Fighting
  3641 | D:4      | Reached XP level 7. HP: 32/44 MP: 7/7
  3984 | D:4      | Killed from afar by an orc priest

Skill      XL: |  1  2  3  4  5  6 |
---------------+-------------------+-----
Dodging        | 2 3 |  3.9
Axes           | 3 4 |  4.4
Armour         | 3 4 |  4.9
Fighting       | 4 5 |  5.4

Action                   |  1- 3 |  4- 6 |  7- 9 || total
-------------------------+-------+-------+-------++-------
Melee: Hand axe          |   121 |   293 |    57 ||   471
Invok: Berserk           |     1 |     2 |     1 ||     4
       Burn Spellbooks   |       |     1 |       ||     1
  Use: Scroll            |       |     6 |       ||     6
  Eat: Chunk             |     2 |     6 |     2 ||    10
       Beef jerky        |       |     2 |       ||     2
       Fruit             |       |     1 |       ||     1
Armor: Animal skin       |     3 |       |       ||     3
       Ring mail         |    60 |   115 |    24 ||   199
       Skin              |     1 |       |       ||     1
Dodge: Dodged            |    94 |   175 |    43 ||   312
